 Dungeon Crawl Stone Soup version 0.31-a0-662-g684573625c (webtiles) character file.

Game seed: 17953307699369607283

584 holysushi the Cutter (level 7, -3/35 HPs)
             Began as a Vine Stalker Monk on Sept 1, 2023.
             Slain by an ogre
             ... wielding a +0 giant club
              (25 damage)
             ... on level 5 of the Dungeon.
             The game lasted 00:05:58 (2400 turns).

holysushi the Cutter (Vine Stalker Monk)            Turns: 2400, Time: 00:05:59

Health: -3/35      AC:  3    Str: 13    XL:     7   Next: 37%
Magic:  0/13       EV: 15    Int: 10    God:
Gold:   76         SH:  0    Dex: 25    Spells: 12/12 levels left

rFire   . . .        m - +0 dagger (drain)
rCold   . . .        d - orb {light}
rNeg    . . .        b - +0 robe
rPois   .            l - +0 helmet
rElec   .            (no cloak)
rCorr   .            (no gloves)
SInv    .            (no boots)
Will    +....        (no amulet)
Stlth   +            t - +6 ring of dexterity
HPRegen 1.05/turn    (no ring)
MPRegen 0.13/turn

%: guardian spirit
@: glowing
A: fangs 2, regeneration 1, magic shield, antimagic bite, no potion heal 2,
talons 2, strong-willed 1
a: no special abilities


You were on level 5 of the Dungeon.
You visited 1 branch of the dungeon, and saw 5 of its levels.
You also visited: Sewer.

You collected 118 gold pieces.
You spent 42 gold pieces at shops.

Inventory:

Hand Weapons
 a - a +4 dagger
 m - a +0 dagger of draining (weapon)
 u - a +0 rapier
Missiles
 c - a throwing net
Armour
 b - a +0 robe (worn)
 d - an orb of light (worn)
 h - a +0 pair of boots
 l - a +0 helmet (worn)
Jewellery
 t - a +6 ring of dexterity (left hand)
Wands
 i - a wand of iceblast (6)
 r - a wand of mindburst (14)
Scrolls
 e - 5 scrolls of teleportation
 j - 2 scrolls of amnesia
 k - a scroll of poison
 p - a scroll of enchant weapon {unknown}
Potions
 f - a potion of mutation
 g - a potion of brilliance
 n - a potion of heal wounds
 o - a potion of invisibility {unknown}
 q - a potion of cancellation


   Skills:
 - Level 2.6 Fighting
 + Level 5.7 Short Blades
 - Level 4.0 Dodging
 - Level 3.4 Spellcasting


You had 12 spell levels left.
You didn't know any spells.
Your spell library contained the following spells:

 Spells                   Type           Power      Damage    Failure   Level
 Apportation              Tloc           2%         N/A       26%         1
 Sublimation of Blood     Necr           1%         N/A       38%         2
 Gell's Gravitas          Tloc           1%         N/A       63%         3
 Teleport Other           Tloc           1%         N/A       63%         3
 Petrify                  Tmut/Erth      1%         N/A       95%         4
 Alistair's Intoxication  Tmut/Pois      0%         N/A       100%        5
 Irradiate                Conj/Tmut      0%         3d11      100%        5
 Dispersal                Tloc           0%         N/A       100%        6


Dungeon Overview and Level Annotations

Branches:
Dungeon (5/15) Zot: 26858   Sewer (visited)
 Temple: D:4-7

Altars:

Shops:
D:2 *

Annotations:
D:3 Grinder
D:4 1 exclusion, Edmund


Innate Abilities, Weirdness & Mutations

You have extremely sharp teeth.
Your natural rate of healing is unusually fast.
When hurt, damage is shared between your health and your magic reserves.
Your bite disrupts and absorbs the magic of your enemies.
Potions cannot restore your health.
You have razor-sharp toenails.
You are strong-willed. (Will+)


Message History

You barely miss the orc wizard.
The adder hisses angrily.
Your bite misses the orc wizard.
The gnoll sergeant attacks as it pursues you!
The gnoll sergeant completely misses you.
The orc wizard misses you.
A shadow imp comes into view.
The gnoll sergeant hits you from afar with a +5 antimagic trident!
You feel your power leaking away. The orc wizard closely misses you.
The orc wizard attacks as it pursues you!
The orc wizard hits you with a +0 dagger.
The orc wizard hits you with a +0 dagger.
The gnoll sergeant closely misses you.
You hit the orc wizard. You drain the orc wizard.
The orc wizard is heavily wounded.
The orc wizard hits you with a +0 dagger.
You closely miss the orc wizard.
The orc wizard is moderately wounded.
The orc wizard barely misses you.
You hit the orc wizard. You claw the orc wizard.
You bite the orc wizard, but do no damage.
The orc wizard is severely wounded.
You hit the orc wizard but do no damage.
You claw the orc wizard. You bite the orc wizard.
You kill the orc wizard!
You hit the ogre. You drain the ogre.
The ogre is moderately wounded.
The ogre barely misses you.
You hit the ogre but do no damage. You claw the ogre, but do no damage.
The ogre is moderately wounded.
The gnoll sergeant barely misses you.
You hit the ogre. You drain the ogre. You bite the ogre. You drain its power.
You feel invigorated.
The ogre is heavily wounded.
The gnoll sergeant hits you from afar with a +5 antimagic trident!
You feel your power leaking away.
The ogre hits you with a +0 giant club!!
Ouch! That really hurt!
You die...

......... ..# ........
###.# ....... ###...##
...# ...... ..#....
.#.#### .###.# #.#...#
....... .###.#####.#...#
.......
.....#.....#...### .5./.
.##.>#.....#.....#####...
.###.#.....#...#@#...S.#
.# #.......#.###O#..O.#
.# ###.......# #g#..W##
.# .......#### #W#..#.#
.# #......# #.5.###:#
.........## #..#.# #.#
...#.##### #..#[.# #..
###. #..#.#.# #.#
#...###[# #..


You could see an ogre (very drained), a phantom, a gnoll sergeant and a shadow
imp.

Vanquished Creatures
  A water moccasin (Sewer)
  2 black bears (D:5)
  An orc priest (D:4)
  A sleepcap (D:5)
  An iguana (D:4)
  2 orc wizards
  6 adders
  2 gnolls (D:3)
  A shadow imp (D:5)
  A worm (D:2)
  2 dart slugs (D:3)
  5 orcs
  6 bats
  8 endoplasms
  A giant cockroach (D:3)
  4 goblins
  11 hobgoblins
  4 jackals
  9 kobolds
  2 quokkas (D:3)
  10 ball pythons
  3 frilled lizards
  4 rats
87 creatures vanquished.

Notes
Turn   | Place    | Note
-------+----------+-------------------------------------------
     0 | D:1      | holysushi the Vine Stalker Monk began the quest for the
                  | Orb.
     0 | D:1      | Reached XP level 1. HP: 11/11 MP: 2/2
    82 | D:1      | Reached skill level 3 in Short Blades
   181 | D:1      | Reached XP level 2. HP: 16/16 MP: 3/3
   384 | D:1      | Reached skill level 1 in Spellcasting
   668 | D:2      | Reached XP level 3. HP: 18/19 MP: 5/5
   867 | D:2      | Reached XP level 4. HP: 22/23 MP: 6/8
  1102 | D:2      | Found Ibugor's General Store.
  1108 | D:2      | Bought a scroll of teleportation for 42 gold pieces
  1134 | D:2      | Reached skill level 4 in Short Blades
  1554 | D:3      | Noticed Grinder
  1575 | D:3      | Paralysed by Grinder for 5 turns
  1636 | D:2      | Gained mutation: You are strong-willed. (Will+) [potion of
                  | mutation]
  1636 | D:2      | Gained mutation: You have sharp toenails. [potion of
                  | mutation]
  1636 | D:2      | Gained mutation: You have razor-sharp toenails. [potion of
                  | mutation]
  1735 | D:3      | HP: 1/23 [Grinder (4)]
  1942 | D:3      | Reached XP level 5. HP: 27/27 MP: 7/10
  1991 | D:4      | Found a glowing drain.
  2013 | Sewer    | Entered a sewer
  2072 | Sewer    | Noticed a water moccasin
  2104 | Sewer    | Killed a water moccasin
  2105 | Sewer    | Reached XP level 6. HP: 17/32 MP: 7/12
  2240 | D:4      | Noticed Edmund
  2246 | D:5      | Entered Level 5 of the Dungeon
  2264 | D:5      | Noticed a black bear
  2280 | D:5      | Killed a black bear
  2281 | D:5      | Reached skill level 5 in Short Blades
  2350 | D:5      | Reached XP level 7. HP: 35/35 MP: 13/13
  2400 | D:5      | Slain by an ogre

Illustrated notes

Levels and vault maps discovered:
D:1:      dpeg_arrival_boxorama, layout_rooms, skrybe_limestone_x,
          minmay_shallow_snake_nest
D:2:      layout_rooms, serial_shops, nicolae_shop_trees, columned_hall_lemuel,
          minmay_nonomino_d4
D:3:      layout_loops_ring, kennysheep_orc_sif_temple, uniq_grinder
D:4:      layout_cave_pools, portal_sewer_entry_d, nicolae_shop_clearance,
          uniq_edmund
D:5:      layout_basic, chequers_temple_overflow_statue_of_worship,
          minmay_manual_mail

Skill      XL: |  1  2  3  4  5  6  7 |
---------------+----------------------+-----
Short Blades   | 3 4 5 |  5.7
Spellcasting   | 1 2 3 |  3.4
Dodging        | 3 4 |  4.0
Fighting       | |  2.6

Action                     |  1- 3 |  4- 6 |  7- 9 || total
---------------------------+-------+-------+-------++-------
  Melee: Short sword       |    48 |       |       ||    48
         Bite              |    31 |    40 |    14 ||    85
         Dagger            |    45 |   117 |    25 ||   187
         Kick              |       |    25 |    10 ||    35
    Use: Potion            |       |    10 |       ||    10
         Scroll            |       |     2 |       ||     2
   Stab: Sleeping          |     1 |       |       ||     1
 Armour: Robe              |    42 |    47 |    11 ||   100
  Dodge: Dodged            |    52 |    67 |    23 ||   142

Table legend: (Time is in decaauts)
 A = Elapsed time spent in this place.
 B = Non-inter-level travel time spent in this place.
 C = Inter-level travel time spent in this place.
 D = Time resting spent in this place.
 E = Time spent auto-exploring this place.
 F = Levels seen in this place.
 G = Mean time per level.
                   A        B        C        D        E       F      G
               +--------+--------+--------+--------+--------+-----+--------+
         Total |   2379 |   2290 |     89 |    193 |   1222 |   6 |  396.5 |
       Dungeon |   2202 |   2113 |     89 |    169 |   1175 |   5 |  440.4 |
         Sewer |    177 |    177 |      0 |     24 |     47 |   1 |  177.0 |
               +--------+--------+--------+--------+--------+-----+--------+

Top non-repeatable levels by time:
     D:2: 804 daAuts
     D:1: 656 daAuts
     D:3: 476 daAuts
   Sewer: 177 daAuts
     D:5: 140 daAuts
     D:4: 124 daAuts
